 Dungeon Crawl Stone Soup version 0.30-a0-1161-g0704695555 (webtiles) character file.

Game seed: 10989282424526378799

703 themarg the Summoner (level 7, 0/46 HPs)
             Began as a Merfolk Summoner on Apr 28, 2023.
             Was a Follower of Sif Muna.
             Slain by a gnoll sergeant
             ... wielding a +3 spear of venom
              (11 damage)
             ... on level 4 of the Dungeon.
             The game lasted 00:16:04 (4816 turns).

themarg the Summoner (Merfolk Summoner)             Turns: 4816, Time: 00:16:05

Health: 0/46       AC:  5    Str:  8    XL:     7   Next: 66%
Magic:  5/10       EV: 12    Int: 17    God:    Sif Muna [*.....]
Gold:   143        SH:  0    Dex: 14    Spells: 4/10 levels left

rFire   . . .        b - +2 short sword (vamp)
rCold   . . .        (no shield)
rNeg    + . .        a - +0 robe
rPois   .            p - +2 helmet
rElec   .            (no cloak)
rCorr   .            (no gloves)
SInv    .            (no boots)
Will    .....        (no amulet)
Stlth   ++           w - ring of positive energy
HPRegen 0.27/turn    (no ring)
MPRegen 0.12/turn

%: no passive effects
@: lethally poisoned (0 -> -15)
A: (nimble swimmer 2), mertail
a: Renounce Religion, Channel Magic


You were on level 4 of the Dungeon.
You worshipped Sif Muna.
Sif Muna was aware of your devotion.
You visited 2 branches of the dungeon, and saw 6 of its levels.
You also visited: Sewer.

You collected 283 gold pieces.
You spent 140 gold pieces at shops.

Inventory:

Hand Weapons
 b - a +2 vampiric short sword (weapon)
Missiles
 f - 49 stones
 r - 6 poisoned darts
Armour
 a - a +0 robe (worn)
 n - a +0 kite shield
 p - a +2 helmet (worn)
Magical Staves
 v - a staff of conjuration
Jewellery
 w - a ring of positive energy (left hand)
Scrolls
 g - a scroll of fog {unknown}
 h - 3 scrolls of teleportation
 i - 2 scrolls of immolation
 k - a scroll of blinking {unknown}
 m - a scroll of fear {unknown}
 o - 3 scrolls of magic mapping
 y - 2 scrolls of enchant armour
 C - a scroll of noise
 E - a scroll of enchant weapon {unknown}
Potions
 c - a potion of lignification {unknown}
 d - a potion of attraction {unknown}
 e - 3 potions of might
 j - a potion of brilliance {unknown}
 l - 2 potions of cancellation {unknown}
 q - a potion of curing
 s - 2 potions of resistance
 t - a potion of mutation {unknown}
 u - a potion of ambrosia {unknown}
 x - a potion of degeneration {unknown}
 z - 3 potions of heal wounds
 A - a potion of haste {unknown}
 B - 2 potions of magic
 D - 2 potions of berserk rage


   Skills:
 - Level 2.6 Dodging
 - Level 2.1 Stealth
 - Level 2.0 Spellcasting
 + Level 9.1 Summonings
 + Level 0.7 Air Magic


You had 4 spell levels left.
You knew the following spells:

 Your Spells              Type           Power      Damage    Failure   Level
a - Summon Small Mammal   Summ           100%       N/A       1%          1
b - Call Imp              Summ           64%        N/A       1%          2
c - Call Canine Familiar  Summ           32%        N/A       1%          3

Your spell library contained the following spells:

 Spells                   Type           Power      Damage    Failure   Level
 Summon Guardian Golem    Hex/Summ       17%        N/A       9%          3
 Sting                    Tmut/Pois      4%         1d3       19%         1
 Cigotuvi's Dreadful Rot  Necr/Pois/Air  4%         N/A       26%         2
 Poisonous Vapours        Pois/Air       4%         N/A       26%         2
 Summon Lightning Spire   Summ/Air       18%        N/A       26%         4
 Blink                    Tloc           2%         N/A       28%         2
 Summon Ice Beast         Ice/Summ       17%        N/A       30%         4
 Ignite Poison            Fire/Tmut/Pois 1%         N/A       50%         3
 Manifold Assault         Tloc           1%         N/A       88%         4
 Olgreb's Toxic Radiance  Pois           1%         N/A       88%         4
 Summon Mana Viper        Hex/Summ       17%        N/A       63%         5
 Monstrous Menagerie      Summ           16%        N/A       98%         7
 Freezing Cloud           Conj/Ice/Air   1%         6-21      99%         5
 Storm Form               Tmut/Air       1%         N/A       100%        7


Dungeon Overview and Level Annotations

Branches:
Dungeon (5/15)             Temple (1/1) D:4           Sewer (visited)

Altars:
Dithmenos
Elyvilon
Hepliaklqana
Qazlal
Sif Muna
Vehumet
Wu Jian
Zin
The Shining One

Shops:
D:2 (   D:3 [[(*   D:4 *

Annotations:
D:4 2 transporters


Innate Abilities, Weirdness & Mutations

((You are very nimble when in or above water. (Stealth+, EV+, Speed+++)))
Your lower body shifts to a powerful aquatic tail in water.


Message History

A gnoll sergeant is nearby!
The gnoll sergeant shouts!
A tiny devil pulls itself out of the air.
Your hound bites the gnoll sergeant but does no damage.
Your hound closely misses the gnoll sergeant.
Your hound bites the gnoll sergeant.
Your bat closely misses the gnoll sergeant.
The gnoll sergeant hits your bat with a +3 spear of venom!
Your bat dies!
Your bat's corpse disappears in a puff of smoke!
Your hound closely misses the gnoll sergeant.
Your cerulean imp hits the gnoll sergeant but does no damage.
Your hound barely misses the gnoll sergeant.
Your cerulean imp barely misses the gnoll sergeant.
Your hound bites the gnoll sergeant but does no damage.
Your cerulean imp barely misses the gnoll sergeant.
Your hound bites the gnoll sergeant but does no damage.
The gnoll sergeant barely misses you.
Your cerulean imp hits the gnoll sergeant but does no damage.
Your hound barely misses the gnoll sergeant.
The gnoll sergeant hits you from afar with a +3 spear of venom.
You are poisoned.
Your hound bites the gnoll sergeant.
Your cerulean imp barely misses the gnoll sergeant.
You feel very sick.
Your hound bites the gnoll sergeant but does no damage.
The gnoll sergeant hits you from afar with a +3 spear of venom!
Your cerulean imp hits the gnoll sergeant with a -1 spear.
Your hound closely misses the gnoll sergeant.
You swap places.
You feel sick.
The gnoll sergeant hits you with a +3 spear of venom!
You are lethally poisoned!
Your hound bites the gnoll sergeant but does no damage.
Your cerulean imp hits the gnoll sergeant but does no damage.
You swap places.
* * * LOW HITPOINT WARNING * * *
You feel very sick.
Your hound bites the gnoll sergeant but does no damage.
The gnoll sergeant hits you from afar with a +3 spear of venom!
You die...

.)........♣#..,.#....##..##......
♣♣♣♣♣♣♣♣♣♣♣#.#..*##...#..........
******** ###.##.*#...##.....)..#.
*,,,,,,***..##..##...#..#..#...#.
*,,,**,**,,............##.##.....
,*,***,**#,,#....#.#..###.##....#
,,,,,*,,,...#...####.>.##.....###
****,*,,,........##........#..#*
* *,,,,),.......@5...##...##*,,*
* ***,,,,.......##g...###.# *,**
* *,,,,.........Sh..#*..#**,**
*****,,,,..................,,),**
*,,,,,,,,...#.####........,.,),*,
,>,,,,,,,..,#.**,..........,,,,,,
*,***,,,*.**#,*,..#........,,,,,,
*****,,,*,**,,,,.##........,,,,,,
,***,<***,**,,,,,*,,,,,,,,,,**,,,


You could see a gnoll sergeant (ally target), a friendly hound (summoned) and a
friendly cerulean imp (summoned).

Vanquished Creatures
  An iguana (D:4)
  An adder (D:2)
  4 river rats (Sewer)
  3 orcs (D:5)
  2 ball pythons
  An endoplasm (Sewer)
  A giant cockroach (D:2)
  4 hobgoblins
  2 kobolds (D:1)
  A quokka (D:2)
  4 bats
  A frilled lizard (D:2)
  A goblin (D:1)
  3 rats
29 creatures vanquished.

Vanquished Creatures (collateral kills)
  Grinder (D:4)
  A scorpion (D:5)
  3 orc priests
  3 jellies (Sewer)
  A sleepcap (D:5)
  An orc wizard (D:3)
  A river rat (Sewer)
  3 adders
  A shadow imp (D:5)
  3 worms
  2 dart slugs
  6 orcs
  6 ball pythons
  7 bats
  8 endoplasms
  5 giant cockroaches
  4 hobgoblins
  A quokka (D:2)
  10 frilled lizards
  3 goblins
  4 kobolds
  8 rats
82 creatures vanquished.

Vanquished Creatures (others)
  4 toadstools (D:2)
4 creatures vanquished.

Grand Total: 115 creatures vanquished

Notes
Turn   | Place    | Note
-------+----------+-------------------------------------------
     0 | D:1      | themarg the Merfolk Summoner began the quest for the Orb.
     0 | D:1      | Reached XP level 1. HP: 13/13 MP: 3/3
   240 | D:1      | Reached XP level 2. HP: 18/19 MP: 1/5
   243 | D:1      | Learned a level 2 spell: Call Imp
  1147 | D:2      | Found Liadak's Antique Weapon Shoppe.
  1191 | D:2      | Reached XP level 3. HP: 24/24 MP: 3/6
  1195 | D:2      | Learned a level 3 spell: Call Canine Familiar
  1238 | D:2      | Reached skill level 5 in Summonings
  1968 | D:3      | Found a faded altar of an unknown god.
  2058 | D:3      | Found Kucy's Antique Armour Shop.
  2074 | D:3      | Found Suarif's Antique Armour Boutique.
  2077 | D:3      | Reached XP level 4. HP: 30/30 MP: 3/7
  2081 | D:3      | You fall into a shaft and drop 2 floors!
  2081 | D:5      | Entered Level 5 of the Dungeon
  2289 | D:5      | Noticed a scorpion
  2295 | D:5      | Killed a scorpion
  2296 | D:5      | Reached skill level 6 in Summonings
  2296 | D:5      | Reached XP level 5. HP: 7/35 MP: 2/8
  2528 | D:4      | Reached skill level 7 in Summonings
  2550 | D:4      | Reached XP level 6. HP: 21/41 MP: 1/9
  2572 | D:4      | Found a staircase to the Ecumenical Temple.
  2582 | Temple   | Entered the Ecumenical Temple
  2595 | Temple   | Became a worshipper of Sif Muna the Loreminder
  2627 | D:4      | Found Zin's Purification Station.
  2630 | D:4      | Found a glowing silver altar of Zin.
  2633 | D:4      | Found a transporter.
  2699 | D:4      | Noticed Grinder
  2706 | D:4      | Killed Grinder
  2707 | D:4      | Reached skill level 8 in Summonings
  2707 | D:4      | Reached XP level 7. HP: 14/46 MP: 5/10
  2751 | D:4      | Found a glowing drain.
  2756 | Sewer    | Entered a sewer
  2961 | Sewer    | Reached * piety under Sif Muna
  2977 | Sewer    | Found a shimmering altar of Xom.
  3118 | Sewer    | Reached skill level 9 in Summonings
  3358 | D:3      | Found a glowing golden altar of the Shining One.
  3682 | D:3      | Found Iriam's Weapon Boutique.
  3935 | D:3      | Found Gaogeamm's General Store.
  3945 | D:3      | Bought a scroll of noise for 14 gold pieces
  3945 | D:3      | Bought a scroll of identify for 28 gold pieces
  3945 | D:3      | Bought a scroll of identify for 28 gold pieces
  3945 | D:3      | Bought a potion of berserk rage for 70 gold pieces
  3975 | D:3      | Reached ** piety under Sif Muna
  4629 | D:4      | Found a transporter.
  4816 | D:4      | Slain by a gnoll sergeant

Illustrated notes

Levels and vault maps discovered:
D:1:      mrwooster_arrival_arrow, layout_loops_ring, minmay_crystal_room
D:2:      layout_loops_ring, serial_shops, shop, chequers_serial_rivers_room_b,
          minmay_misc_feat_cross, minmay_gold_behind_fungi
D:3:      layout_basic, mainiacjoe_overflow_brackets,
          hellmonk_ecumenical_altar_blasted, serial_shops, shop, shop_statue,
          nicolae_shop_back_alley_shop, nicolae_square_shop, nrook_campfire
D:4:      gammafunk_cloud_chamber, layout_cave_pools, zin_purify,
          minmay_temple_entry_statues_fountains, portal_sewer_entry_e,
          kennysheep_generic_room_16, uniq_grinder
D:5:      layout_loops_ring
Temple:   nicolae_temple_ecumenical_triangle

Skill      XL: |  1  2  3  4  5  6  7 |
---------------+----------------------+-----
Summonings     | 5 6 7 8 9 |  9.1
Dodging        | |  2.6
Stealth        | |  2.1
Spellcasting   | |  2.0
Air Magic      | |  0.7

Action                     |  1- 3 |  4- 6 |  7- 9 || total
---------------------------+-------+-------+-------++-------
  Melee: War axe           |    38 |    26 |    49 ||   113
         Tailslap          |       |       |     7 ||     7
         Punch             |       |       |     4 ||     4
         Short sword       |       |       |     1 ||     1
   Cast: Summon Small Mamm |    44 |     6 |    13 ||    63
         Call Imp          |    10 |     7 |     8 ||    25
         Call Canine Famil |     3 |     6 |    17 ||    26
    Use: Potion            |       |     3 |       ||     3
         Scroll            |       |       |     5 ||     5
   Stab: Distracted        |       |     2 |       ||     2
         Sleeping          |       |       |     1 ||     1
 Armour: Robe              |     9 |       |    11 ||    20
  Dodge: Dodged            |    34 |    17 |    47 ||    98

Table legend: (Time is in decaauts)
 A = Elapsed time spent in this place.
 B = Non-inter-level travel time spent in this place.
 C = Inter-level travel time spent in this place.
 D = Time resting spent in this place.
 E = Time spent auto-exploring this place.
 F = Levels seen in this place.
 G = Mean time per level.
                   A        B        C        D        E       F      G
               +--------+--------+--------+--------+--------+-----+--------+
         Total |   4836 |   4721 |    115 |    332 |   3165 |   7 |  690.9 |
       Dungeon |   4397 |   4282 |    115 |    184 |   3110 |   5 |  879.4 |
        Temple |     26 |     26 |      0 |      0 |      0 |   1 |   26.0 |
         Sewer |    412 |    412 |      0 |    148 |     55 |   1 |  412.0 |
               +--------+--------+--------+--------+--------+-----+--------+

Top non-repeatable levels by time:
     D:3: 1335 daAuts
     D:1: 1019 daAuts
     D:2: 891 daAuts
     D:4: 745 daAuts
   Sewer: 412 daAuts
     D:5: 406 daAuts
  Temple: 26 daAuts
